 Dungeon Crawl Stone Soup version 0.29.1-2-gbd0b4ee654 (webtiles) character file.

Game seed: 6489302492837563646

2 CryoSword the Digger (level 1, 0/10 HPs)
             Began as a Gargoyle Earth Elementalist on Nov 10, 2022.
             Constricted to death by a ball python (1 damage)
             ... on level 1 of the Dungeon.
             The game lasted 00:00:41 (42 turns).

CryoSword the Digger (Gargoyle Earth Elementalist)    Turns: 42, Time: 00:00:42

Health: 0/10       AC:  4    Str: 11    XL:     1   Next: 40%
Magic:  0/3        EV:  8    Int: 15    God:
Gold:   0          SH:  0    Dex: 10    Spells: 3/4 levels left

rFire   . . .      SeeInvis .   (no weapon)
rCold   . . .      Faith    .   (no shield)
rNeg    + . .      Spirit   .   a - +0 robe
rPois   ∞          Reflect  .   (no helmet)
rElec   +          Harm     .   (no cloak)
rCorr   .          Rampage  .   (no gloves)
Will    .....                   (no boots)
Stlth   ++........              (no amulet)
HPRegen 0.03/turn               (no ring)
MPRegen 0.08/turn               (no ring)

@: constricted
A: sickness immunity, AC +2, negative energy resistance 1, electricity
resistance, torment resistance 1, petrification resistance
a: no special abilities


You were on level 1 of the Dungeon.
You visited 1 branch of the dungeon, and saw 1 of its levels.

Inventory:

Armour
 a - a +0 robe (worn)
Scrolls
 c - a scroll of amnesia {unknown}
Potions
 b - a potion of magic


   Skills:
 + Level 0.2 Fighting
 - Level 1.5 Dodging
 - Level 2.1 Stealth
 - Level 2.0 Spellcasting
 + Level 0.2 Conjurations
 - Level 0.7 Transmutations
 * Level 3.7 Earth Magic


You had 3 spell levels left.
You knew the following spells:

 Your Spells              Type           Power      Damage    Failure   Level
a - Sandblast             Erth           24%        2d8       4%          1

Your spell library contained the following spells:

 Spells                   Type           Power      Damage    Failure   Level
 Passwall                 Tmut/Erth      6%         N/A       14%         2
 Stone Arrow              Conj/Erth      14%        3d7       28%         3
 Petrify                  Tmut/Erth      8%         N/A       65%         4


Dungeon Overview and Level Annotations

Branches:
Dungeon (1/15)

Altars:


Innate Abilities, Weirdness & Mutations

You are immune to sickness and miasma.
Your stone body is resilient. (AC +2)
You are immune to poison.
You resist negative energy. (rN+)
You are resistant to electric shocks. (rElec)
You are resistant to unholy torment.
You are immune to petrification.


Message History

Welcome, CryoSword the Gargoyle Earth Elementalist.
The legendary Orb of Zot lies far below, as if waiting for you to find it.
Found a staircase leading out of the dungeon.
Could not explore, unopened door.
You open the large door.
Found a scroll labelled MIMOUCK DOBUQ.
There is a large open door here.
You enter the shallow water.
Moving in this stuff is going to be slow.
Found a stone staircase leading down.
c - a scroll labelled MIMOUCK DOBUQ A hobgoblin comes into view.
The hobgoblin shouts!
You hear a shout!
A hobgoblin is nearby!
A hobgoblin is nearby!
Aim: a hobgoblin (82% to hit)
You miscast Sandblast.
You are very lightly contaminated with residual magic.
Nothing appears to happen.
The hobgoblin closely misses you.
Aim: a hobgoblin (82% to hit)
The blast of sand hits the hobgoblin.
The hobgoblin closely misses you.
A hobgoblin comes into view.
The hobgoblin hits you but does no damage.
Aim: a hobgoblin (moderately wounded, 82% to hit)
The blast of sand hits the hobgoblin.
You kill the hobgoblin!
A ball python comes into view.
The ball python hisses angrily.
You hit the hobgoblin but do no damage. The hobgoblin hits you.
Your magical contamination has completely faded away.
You hit the hobgoblin but do no damage.
The hobgoblin hits you but does no damage.
You barely miss the hobgoblin.
The hobgoblin hits you but does no damage.
The ball python closely misses you. The ball python grabs you.
The ball python constricts you.
You escape the ball python's grasp.
The hobgoblin attacks as you move away! The hobgoblin closely misses you.
You closely miss the hobgoblin. The hobgoblin hits you.
* * * LOW HITPOINT WARNING * * *
You closely miss the hobgoblin. The hobgoblin closely misses you.
Aim: a hobgoblin (82% to hit)
The blast of sand hits the hobgoblin!
You kill the hobgoblin!
The ball python barely misses you. x2
You closely miss the ball python. The ball python misses you.
The ball python grabs you. The ball python constricts you.
You escape the ball python's grasp.
The ball python attacks as you move away!
The ball python closely misses you. The ball python barely misses you.
The ball python closely misses you. The ball python grabs you.
The ball python constricts you.
You escape the ball python's grasp.
You hit the ball python but do no damage.
The ball python closely misses you. x2
You closely miss the ball python. The ball python completely misses you.
The ball python closely misses you.
Aim: a ball python (80% to hit)
The blast of sand misses the ball python.
The ball python bites you.
* * * LOW HITPOINT WARNING * * *
The ball python grabs you. The ball python constricts you.
The ball python bites you but does no damage.
The ball python constricts you.
You barely miss the ball python. The ball python barely misses you.
The ball python constricts you.
You closely miss the ball python. The ball python barely misses you.
The ball python constricts you.
You die...

###..§§§.###.##....
#~~~§§≈≈~~~#.# ##
#~8~~§§~~8~#.#
#~~8~~~~8~~..#
#≈~~####~~§..#
#≈≈~#..'~≈≈..#
#§≈~#<.'~≈≈..#
#≈~~####~~≈S.#
#~~8~~~~8~~@.#
#~8~~≈≈~~8~###
#~~~≈≈≈≈~~~#
############


You could see a ball python.

Vanquished Creatures
  2 hobgoblins (D:1)
2 creatures vanquished.

Notes
Turn   | Place    | Note
-------+----------+-------------------------------------------
     0 | D:1      | CryoSword the Gargoyle Earth Elementalist began the quest
                  | for the Orb.
     0 | D:1      | Reached XP level 1. HP: 10/10 MP: 3/3
    42 | D:1      | Constricted to death by a ball python

Illustrated notes

Levels and vault maps discovered:
D:1:      lightli_arrival_boilingwater, layout_basic

Action                   || total
-------------------------++-------
Melee: Unarmed           ||    10
 Cast: Sandblast         ||     4
Armor: Robe              ||     4
Dodge: Dodged            ||    17
